 Dungeon Crawl Stone Soup version 0.29.1-13-g9f3cf754e1 (webtiles) character file.

Game seed: 12009312494587274763

83 croobank the Sneak (level 4, -1/32 HPs)
             Began as an Octopode Delver on Feb 8, 2023.
             Slain by a river rat (9 damage)
             ... in a sewer.
             The game lasted 00:04:34 (1320 turns).

croobank the Sneak (Octopode Delver)                Turns: 1320, Time: 00:04:34

Health: -1/32      AC:  1    Str: 11    XL:     4   Next: 44%
Magic:  4/4        EV: 13    Int: 14    God:
Gold:   45         SH:  0    Dex: 13    Spells: 3/3 levels left

rFire   . . .      SeeInvis .   a - +0 hand axe
rCold   + . .      Faith    .   (no shield)
rNeg    . . .      Spirit   .   (helmet restricted)
rPois   .          Reflect  .   (no amulet)
rElec   .          Harm     .   j - ring of protection from cold
rCorr   .          Rampage  .   (no ring)
Will    .....                   (no ring)
Stlth   +++++.....              (no ring)
HPRegen 0.10/turn               (no ring)
MPRegen 0.09/turn               (no ring)
                                (no ring)
                                (no ring)

@: no status effects
A: almost no armour, amphibious, 8 rings, camouflage 1, gelatinous body 1,
nimble swimmer 1, tentacles
a: no special abilities


You were in a sewer.
You visited 1 branch of the dungeon, and saw 4 of its levels.
You also visited: Sewer.

You collected 45 gold pieces.

Inventory:

Hand Weapons
 a - a +0 hand axe (weapon)
 h - a +1 dagger of distortion
Magical Staves
 k - a staff of conjuration
Jewellery
 j - a ring of protection from cold (left tentacle)
Wands
 f - a wand of digging (3)
Scrolls
 b - a scroll of fog
 i - 3 scrolls of identify {unknown}
Potions
 c - a potion of cancellation {unknown}
 e - a potion of attraction {unknown}
 g - 2 potions of heal wounds {unknown}
 l - 5 potions of flight


   Skills:
 + Level 3.6 Fighting
 + Level 2.8 Axes
 + Level 2.8 Dodging
 + Level 7.2 Stealth


You had 3 spell levels left.
You didn't know any spells.
Your spell library was empty.

Dungeon Overview and Level Annotations

Branches:
Dungeon (6/15)              Sewer (1/1)
 Temple: D:4-7

Altars:
Dithmenos

Shops:
D:5 :

Annotations:
D:6 Menkaure


Innate Abilities, Weirdness & Mutations

You cannot wear most types of armour.
You are amphibious.
You can wear up to eight rings at the same time.
Your skin changes colour to match your surroundings (Stealth+).
Your rubbery body absorbs attacks. (AC +1, EV +1)
You are camouflaged when in or above water. (Stealth+)
You have tentacles for arms and can constrict up to eight enemies at once.


Message History

The jackal barely misses you. The river rat bites you.
* * * LOW HITPOINT WARNING * * *
The jackal closely misses you.
As you read the scroll of fear, it crumbles to dust.
You assume a fearsome visage.
The river rat looks frightened!
The jackal looks frightened!
The river rat looks frightened!
The jackal looks frightened! x2
You constrict the river rat, but do no damage.
The river rat escapes!
You closely miss the jackal. Your grab misses the jackal.
Your squeeze misses the jackal.
You see here a giant cockroach corpse.
You hit the jackal.
Your attack snaps the jackal out of its fear.
You grab the jackal.
The jackal is severely wounded.
You constrict the jackal.
You kill the jackal!
You start resting.
A jackal is nearby!
You start resting.
The jackal barks!
The jackal stops to sniff the water.
The jackal pauses to sniff the water.
HP restored.
The river rat bites you.
You closely miss the river rat. You grab the river rat.
You constrict the river rat, but do no damage.
The river rat bites you!
You hit the river rat but do no damage. You constrict the river rat.
The river rat bites you! The river rat bites you.
* * * LOW HITPOINT WARNING * * *
You are too injured to fight recklessly!
You release your grip on the river rat.
The river rat attacks as you move away! The river rat misses you.
You hit the river rat. Your grab misses the river rat.
You squeeze the river rat.
The river rat is severely wounded.
The river rat bites you!
You die...

#########################
~~~~.~~~~.~†~≈≈≈≈≈≈≈≈≈≈≈#
≈≈≈≈≈≈≈≈≈≈≈≈.≈≈r@≈≈≈≈≈≈≈#
~~~~~.~..~h≈~≈≈≈≈≈≈≈≈≈≈≈#
##########~≈~############
#~≈~# #~≈.# #++#####~≈~#
.....~.~~~.# .....~~~~~.#
#++#####~≈~#


You could see a river rat and a jackal.

Vanquished Creatures
  4 adders
  A river rat (D:4)
  3 worms
  A dart slug (D:5)
  An endoplasm (Sewer)
  2 giant cockroaches
  A hobgoblin (D:4)
  A jackal (Sewer)
  4 quokkas (Sewer)
  5 ball pythons (Sewer)
  6 bats (Sewer)
  2 frilled lizards (Sewer)
  A kobold (D:4)
32 creatures vanquished.

Notes
Turn   | Place    | Note
-------+----------+-------------------------------------------
     0 | D:5      | croobank the Octopode Delver began the quest for the Orb.
     0 | D:5      | Reached XP level 1. HP: 16/16 MP: 1/1
     7 | D:6      | Noticed a necrophage
    21 | D:6      | Noticed a sky beast
    21 | D:6      | Noticed a black bear
    22 | D:6      | Noticed Menkaure
    23 | D:6      | Noticed an iguana
    28 | D:6      | Noticed a hound
    36 | D:5      | Found Cebrot's Book Shoppe.
    54 | D:5      | Found a shadowy altar of Dithmenos.
    56 | D:5      | Reached XP level 2. HP: 19/21 MP: 2/2
   105 | D:5      | Noticed a necrophage
   251 | D:4      | Found a glowing drain.
   272 | D:4      | Reached skill level 7 in Stealth
   272 | D:4      | Reached XP level 3. HP: 18/26 MP: 3/3
   290 | Sewer    | Entered a sewer
   908 | Sewer    | Reached XP level 4. HP: 26/31 MP: 4/4
  1320 | Sewer    | Slain by a river rat

Illustrated notes

Levels and vault maps discovered:
D:3:      layout_rooms, amcnicky_altar_gilded, biasface_ghost_orc_armoury
D:4:      layout_basic, serial_shops, shop, cheibrodos_sewer_entry_sluice,
          minmay_lizard_king
D:5:      layout_rooms, grunt_dithmenos_smoke, serial_shops, shop
D:6:      layout_rooms, uniq_duvessa, uniq_menkaure, uniq_sigmund
Sewer:    sewer_fruit_machine

Skill      XL: |  1  2 |
---------------+-------+-----
Stealth        | 7 |  7.2
Fighting       | |  3.6
Axes           | |  2.8
Dodging        | |  2.8

Action                   |  1- 3 |  4- 6 || total
-------------------------+-------+-------++-------
Melee: Hand axe          |    58 |    24 ||    82
       Constrict         |    16 |     7 ||    23
       Tentacles         |    10 |     5 ||    15
  Use: Scroll            |     2 |     1 ||     3
       Potion            |     1 |       ||     1
 Stab: Sleeping          |     7 |     1 ||     8
Armor: Skin              |     6 |     3 ||     9
Dodge: Dodged            |    40 |    30 ||    70
